[ AOE2 MATCH · #507101182 ]
UnrankedJapanese vs Poles
Player's team · WIN
Rival team · LOSS
[ REPLAY ANALYSIS · EXTRACTED FROM THE RECORDED GAME ]
Feudal
11:01
Castle
23:07
Imperial
—
| APM avg | 46.3 |
| APM peak | 97 |
| eAPM avg | 20.9 |
| Villagers / military | 48 / 22 |
Focus
⚔️ 18.2% · 🌾 81.8%
Militia ×22
Feudal
9:53
Castle
19:29
Imperial
—
| APM avg | 32.8 |
| APM peak | 61 |
| eAPM avg | 11.9 |
| Villagers / military | 32 / 10 |
Focus
⚔️ 18.7% · 🌾 81.3%
Archer ×5 · Militia ×5
Match map
Initial resources + every placement click. Lines = walls · curves = elevation contours. ◆ gold · ⬟ stone · ● berries · ✦ relic · ◌ wall gap
Your base· ✓ Closed at 23:07 · 1t walls · 3 gate(s)
just horsing around's base· ✓ Closed at 19:29 · 8t walls · 4 gate(s)
Smoothed initial terrain · ◌ = detected wall gap · hover for details
Inputs per minute
— Maximus - - just horsing around
Build order — Maximus
128 actions detected in the replay
| 0:00 | Queue | Villager (Male) |
| 0:00 | Queue | Villager (Male) |
| 0:01 | Queue | Villager (Male) |
| 0:01 | Queue | Villager (Male) |
| 0:02 | Build | House |
| 0:04 | Build | House |
| 1:31 | Queue | Villager (Male) |
| 1:48 | Build | Lumber Camp |
| 2:06 | Queue | Villager (Male) |
| 2:06 | Queue | Villager (Male) |
| 2:50 | Queue | Villager (Male) |
| 3:19 | Queue | Villager (Male) |
| 3:20 | Queue | Villager (Male) |
| 3:28 | Build | Mill |
| 3:50 | Build | Mining Camp |
| 3:57 | Queue | Villager (Male) |
| 4:22 | Queue | Villager (Male) |
| 4:22 | Queue | Villager (Male) |
| 4:29 | Build | House |
| 4:35 | Research | Loom |
| 4:38 | Build | House |
| 4:43 | Queue | Villager (Male) |
| 4:43 | Queue | Villager (Male) |
| 5:22 | Queue | Villager (Male) |
| 5:22 | Queue | Villager (Male) |
| 5:23 | Queue | Villager (Male) |
| 5:40 | Build | Barracks |
| 6:22 | Queue | Villager (Male) |
| 6:46 | Queue | Militia |
| 6:46 | Queue | Militia |
| 6:46 | Queue | Militia |
| 7:02 | Queue | Villager (Male) |
| 7:03 | Queue | Villager (Male) |
| 7:13 | Build | House |
| 7:14 | Build | House |
| 7:49 | Queue | Villager (Male) |
| 7:49 | Queue | Villager (Male) |
| 8:15 | Build | Farm |
| 8:19 | Build | Farm |
| 8:27 | Queue | Villager (Male) |
| 8:50 | Research | Feudal Age |
| 9:16 | Queue | Villager (Male) |
| 9:17 | Queue | Villager (Male) |
| 10:07 | Queue | Militia |
| 10:07 | Queue | Militia |
| 10:14 | Build | Farm |
| 10:16 | Build | Farm |
| 10:19 | Build | Farm |
| 10:32 | Build | Farm |
| 11:01 | Age | Feudal Age |
| 11:04 | Research | Man-at-Arms (upgrade) |
| 11:04 | Research | Man-at-Arms (upgrade) |
| 11:10 | Build | Watch Tower |
| 11:20 | Queue | Villager (Male) |
| 11:20 | Queue | Villager (Male) |
| 11:27 | Build | Blacksmith |
| 12:08 | Queue | Villager (Male) |
| 12:09 | Queue | Villager (Male) |
| 12:09 | Queue | Villager (Male) |
| 12:36 | Build | Mining Camp |
| 12:43 | Build | House |
| 12:44 | Build | House |
| 12:48 | Research | Forging |
| 13:19 | Queue | Militia |
| 13:19 | Queue | Militia |
| 13:51 | Queue | Militia |
| 13:51 | Queue | Militia |
| 14:09 | Build | Market |
| 14:13 | Build | House |
| 14:16 | Build | House |
| 14:23 | Build | Palisade Wall |
| 14:31 | Build | Watch Tower |
| 14:41 | Queue | Militia |
| 14:41 | Queue | Militia |
| 14:42 | Queue | Militia |
| 14:49 | Queue | Villager (Male) |
| 14:49 | Queue | Villager (Male) |
| 14:57 | Build | Farm |
| 14:58 | Build | Farm |
| 14:59 | Build | Farm |
| 15:42 | Research | Scale Mail Armor |
| 15:44 | Queue | Villager (Male) |
| 15:44 | Queue | Villager (Male) |
| 15:51 | Queue | Militia |
| 15:51 | Queue | Militia |
| 16:04 | Build | Farm |
| 16:08 | Build | Farm |
| 16:45 | Build | Farm |
| 16:52 | Build | Farm |
| 16:56 | Queue | Villager (Male) |
| 16:56 | Queue | Villager (Male) |
| 16:56 | Queue | Villager (Male) |
| 16:56 | Queue | Villager (Male) |
| 17:40 | Build | Farm |
| 17:41 | Build | Farm |
| 17:42 | Build | Farm |
| 17:43 | Build | Farm |
| 17:45 | Queue | Villager (Male) |
| 17:45 | Queue | Villager (Male) |
| 17:45 | Queue | Villager (Male) |
| 18:21 | Queue | Villager (Male) |
| 18:22 | Queue | Villager (Male) |
| 18:33 | Build | Farm |
| 18:38 | Build | Farm |
| 18:42 | Build | Farm |
| 19:07 | Queue | Villager (Male) |
| 19:49 | Build | Market |
| 20:27 | Research | Castle Age |
| 20:44 | Build | House |
| 20:45 | Build | House |
| 20:46 | Build | House |
| 20:46 | Build | House |
| 20:53 | Build | Farm |
| 21:12 | Queue | Militia |
| 21:12 | Queue | Militia |
| 21:12 | Queue | Militia |
| 21:18 | Queue | Militia |
| 21:50 | Research | Town Watch |
| 23:01 | Queue | Militia |
| 23:01 | Queue | Militia |
| 23:02 | Queue | Militia |
| 23:02 | Queue | Militia |
| 23:07 | Age | Castle Age |
| 23:18 | Build | Castle |
| 23:26 | Queue | Villager (Male) |
| 23:26 | Queue | Villager (Male) |
| 23:27 | Queue | Villager (Male) |
| 23:29 | Research | Iron Casting |
Build order — just horsing around
80 actions detected in the replay
| 0:00 | Queue | Villager (Male) |
| 0:01 | Queue | Villager (Male) |
| 0:01 | Queue | Villager (Male) |
| 0:03 | Build | House |
| 0:04 | Build | House |
| 0:52 | Queue | Villager (Male) |
| 1:27 | Queue | Villager (Male) |
| 1:47 | Build | Lumber Camp |
| 2:05 | Queue | Villager (Male) |
| 2:17 | Queue | Villager (Male) |
| 2:53 | Queue | Villager (Male) |
| 3:06 | Queue | Villager (Male) |
| 3:39 | Queue | Villager (Male) |
| 3:53 | Build | Mill |
| 4:16 | Queue | Villager (Male) |
| 4:35 | Queue | Villager (Male) |
| 5:09 | Queue | Villager (Male) |
| 5:32 | Queue | Villager (Male) |
| 5:48 | Queue | Villager (Male) |
| 6:00 | Queue | Villager (Male) |
| 6:07 | Build | House |
| 6:18 | Queue | Villager (Male) |
| 6:34 | Build | Barracks |
| 6:39 | Research | Loom |
| 7:21 | Build | Mining Camp |
| 7:43 | Research | Feudal Age |
| 8:06 | Queue | Militia |
| 8:06 | Queue | Militia |
| 8:16 | Queue | Militia |
| 8:43 | Queue | Militia |
| 9:44 | Build | House |
| 9:53 | Age | Feudal Age |
| 9:56 | Research | Man-at-Arms (upgrade) |
| 9:58 | Queue | Villager (Male) |
| 9:58 | Queue | Villager (Male) |
| 10:16 | Build | Watch Tower |
| 10:39 | Queue | Militia |
| 11:11 | Queue | Villager (Male) |
| 11:11 | Queue | Villager (Male) |
| 11:14 | Build | Farm |
| 11:21 | Build | House |
| 12:26 | Build | Watch Tower |
| 12:37 | Build | Farm |
| 12:37 | Build | Farm |
| 12:45 | Build | Blacksmith |
| 13:25 | Build | Market |
| 13:28 | Queue | Villager (Male) |
| 13:29 | Queue | Villager (Male) |
| 14:00 | Build | Farm |
| 14:01 | Build | Farm |
| 14:32 | Build | Stone Wall |
| 14:33 | Build | Stone Wall |
| 14:34 | Build | Stone Wall |
| 14:35 | Build | Stone Wall |
| 14:36 | Build | Stone Wall |
| 14:36 | Build | Stone Wall |
| 14:37 | Build | Stone Wall |
| 14:38 | Build | Stone Wall |
| 14:39 | Build | Stone Wall |
| 15:39 | Build | Farm |
| 15:39 | Build | Farm |
| 15:41 | Build | Farm |
| 15:44 | Queue | Villager (Male) |
| 15:45 | Queue | Villager (Male) |
| 15:45 | Queue | Villager (Male) |
| 16:20 | Build | Mill |
| 16:40 | Build | Watch Tower |
| 16:49 | Research | Castle Age |
| 17:53 | Build | Archery Range |
| 18:27 | Build | Mining Camp |
| 18:42 | Queue | Archer |
| 18:42 | Queue | Archer |
| 18:42 | Queue | Archer |
| 19:04 | Research | Fletching |
| 19:29 | Age | Castle Age |
| 20:51 | Queue | Villager (Male) ×5 |
| 21:31 | Build | Castle |
| 21:40 | Queue | Archer |
| 21:40 | Queue | Archer |
| 22:08 | Queue | Villager (Male) |
Match timeline
| 5:40 | Maximus · first_building Barracks |
| 6:34 | just horsing around · first_building Barracks |
| 9:53 | just horsing around · age_up feudal |
| 11:01 | Maximus · age_up feudal |
| 14:23 | Maximus · wall_segment Palisade Wall x1 |
| 14:32 | just horsing around · wall_segment Stone Wall x1 |
| 14:33 | just horsing around · wall_segment Stone Wall x1 |
| 14:34 | just horsing around · wall_segment Stone Wall x1 |
| 14:35 | just horsing around · wall_segment Stone Wall x1 |
| 14:36 | just horsing around · wall_segment Stone Wall x1 |
| 14:36 | just horsing around · wall_segment Stone Wall x1 |
| 14:37 | just horsing around · wall_segment Stone Wall x1 |
| 14:38 | just horsing around · wall_segment Stone Wall x1 |
| 14:39 | just horsing around · wall_segment Stone Wall x1 |
| 15:52 | just horsing around · first_market_sell 100 stone |
| 17:53 | just horsing around · first_building Archery Range |
| 19:29 | just horsing around · age_up castle |
| 21:09 | just horsing around · first_market_buy 100 stone |
| 21:31 | just horsing around · first_building Castle |
| 22:32 | Maximus · first_market_buy 100 stone |
| 23:07 | Maximus · age_up castle |
| 23:18 | Maximus · first_building Castle |
| 23:43 | just horsing around · resign |
[ AI ANALYSIS · 1 CREDIT ]
What really happened in this match?
Wolo.gg analyzes every decision: build order, eco, micro, common mistakes by bracket. Personalized analysis on WhatsApp or Discord in 30 seconds.
Civ guide
Japanese
Perfil
Maximus